TOP OF THE 1ST |
Santo Domingo Rum Runners batting - Pitching for Wilmington Wildcats : RHP Jaden Froman
|
Pitching: RHP Jaden Froman
|
|
Batting: LHB Braxton Price
|
0-0: Foul Ball, location: 2F 0-1: Ball 1-1: Swinging Strike 1-2: Ball 2-2: Ball 3-2: SINGLE (Line Drive, 7S, EV 110.6 MPH)
|
Batting: LHB Cordell Villarreal
|
0-0: Swinging Strike 0-1: Called Strike 0-2: Ball 1-2: Ball 2-2: Ball Wild Pitch! Braxton Price to second 3-2: Ground out 1-3 (Groundball, 34S, EV 64.4 MPH) Braxton Price to third
|
Batting: LHB Ronald Anderson
|
0-0: Ball 1-0: Ball 2-0: Ball Wild Pitch! Braxton Price scores 3-0: Called Strike 3-1: Base on Balls
|
Batting: LHB Isaac Rampone
|
0-0: Foul Ball, location: 2F 0-1: Ball Ronald Anderson is caught stealing 2nd base 2-6 1-1: SINGLE (Groundball, 6MD, EV 101.2 MPH)
|
Batting: RHB Rykeem Potts
|
0-0: Ball 1-0: Ball 2-0: Ball 3-0: Called Strike 3-1: Called Strike 3-2: Base on Balls Isaac Rampone to second
|
Batting: LHB Larry Collier
|
0-0: Called Strike 0-1: Foul Ball, location: 2F 0-2: Ball 1-2: Ground out 5-3 (Groundball, 56S, EV 85.6 MPH)
|
Top of the 1st over - 1 run, 2 hits, 0 errors, 2 left on base; Santo Domingo 1 - Wilmington 0 |
BOTTOM OF THE 1ST |
Wilmington Wildcats batting - Pitching for Santo Domingo Rum Runners : LHP Ken Burns
|
Pitching: LHP Ken Burns
|
|
Batting: RHB Evan Yanko
|
0-0: Ball 1-0: Ball 2-0: DOUBLE (Flyball, 89D, EV 109.4 MPH)
|
Batting: RHB Braedan McPherson
|
0-0: DOUBLE (Flyball, 89D, EV 103.1 MPH) Evan Yanko scores
|
Batting: LHB Kelvin Kenney
|
0-0: Swinging Strike 0-1: Foul Ball, location: 2F 0-2: Ground out 6-3 (Groundball, 6M, EV 108.8 MPH) Braedan McPherson to third
|
Batting: RHB Johnny Jackson
|
0-0: Foul Ball, location: 2F 0-1: Called Strike 0-2: Foul Ball, location: 2F 0-2: Foul Ball, location: 2F 0-2: Ball 1-2: Fly out, F2 (Popup, 13S, EV 81.9 MPH)
|
Batting: RHB Shayne Hall
|
0-0: Reached via error on a dropped throw from SS, E3 (Groundball, 6MD, EV 85.0 MPH) Braedan McPherson scores
|
Batting: RHB Zachariah White
|
0-0: Fielders Choice at 2nd, 5-4 (Groundball, 56, EV 98.8 MPH)
|
Bottom of the 1st over - 2 runs, 2 hits, 1 error, 1 left on base; Santo Domingo 1 - Wilmington 2 |
TOP OF THE 2ND |
Santo Domingo Rum Runners batting - Pitching for Wilmington Wildcats : RHP Jaden Froman
|
Batting: RHB Mason Camillo
|
0-0: Swinging Strike 0-1: Fly out, F8 (Flyball, 8LS, EV 95.0 MPH)
|
Batting: LHB Spencer DeSimone
|
0-0: Called Strike 0-1: Called Strike 0-2: SINGLE (Groundball, 15S, EV 64.4 MPH) (infield hit)
|
Batting: RHB Owen Dooley
|
0-0: Foul Ball, location: 2F 0-1: Ball 1-1: Ball 2-1: Foul Ball, location: 2F 2-2: Strikes out swinging
|
Batting: LHB Braxton Price
|
0-0: Ball Spencer DeSimone is caught stealing 2nd base 2-6
|
Top of the 2nd over - 0 runs, 1 hit, 0 errors, 0 left on base; Santo Domingo 1 - Wilmington 2 |
BOTTOM OF THE 2ND |
Wilmington Wildcats batting - Pitching for Santo Domingo Rum Runners : LHP Ken Burns
|
Batting: LHB Marquis Alagna
|
0-0: Called Strike 0-1: Ball 1-1: Called Strike 1-2: Ball 2-2: SINGLE (Groundball, 3D, EV 95.0 MPH)
|
Batting: RHB Jim Jimenez
|
0-0: Ground out 5-3 (Groundball, 5S, EV 61.9 MPH) Marquis Alagna to second
|
Batting: RHB Cole Segal
|
0-0: SINGLE (Line Drive, 89S, EV 103.8 MPH) Marquis Alagna to third
|
Batting: RHB Evan Yanko
|
0-0: Called Strike 0-1: Called Strike 0-2: Grounds into double play, 4-6-3 (Groundball, 4, EV 84.4 MPH)
|
Bottom of the 2nd over - 0 runs, 2 hits, 0 errors, 1 left on base; Santo Domingo 1 - Wilmington 2 |
TOP OF THE 3RD |
Santo Domingo Rum Runners batting - Pitching for Wilmington Wildcats : RHP Jaden Froman
|
Batting: LHB Braxton Price
|
0-0: Called Strike 0-1: Foul Ball, location: 2F 0-2: Ball 1-2: Ball 2-2: Fly out, F6 (Flyball, 56D, EV 86.9 MPH)
|
Batting: LHB Cordell Villarreal
|
0-0: SINGLE (Groundball, 34D, EV 95.0 MPH)
|
Batting: LHB Ronald Anderson
|
0-0: Called Strike 0-1: Hit by Pitch Cordell Villarreal to second
|
Batting: LHB Isaac Rampone
|
0-0: Ball 1-0: Ball 2-0: Called Strike 2-1: Swinging Strike 2-2: Ball 3-2: Foul Ball, location: 2F 3-2: Base on Balls Cordell Villarreal to third Ronald Anderson to second
|
Batting: RHB Rykeem Potts
|
0-0: Called Strike 0-1: Fly out, F3 (Popup, 3F, EV 69.4 MPH)
|
Batting: LHB Larry Collier
|
0-0: Ball 1-0: Foul Ball, location: 2F 1-1: Foul Ball, location: 2F 1-2: Foul Ball, location: 2F 1-2: Fly out, F9 (Line Drive, 89M, EV 106.2 MPH)
|
Top of the 3rd over - 0 runs, 1 hit, 0 errors, 3 left on base; Santo Domingo 1 - Wilmington 2 |
BOTTOM OF THE 3RD |
Wilmington Wildcats batting - Pitching for Santo Domingo Rum Runners : LHP Ken Burns
|
Batting: RHB Braedan McPherson
|
0-0: Called Strike 0-1: Called Strike 0-2: Fly out, F9 (Flyball, 89S, EV 90.6 MPH)
|
Batting: LHB Kelvin Kenney
|
0-0: Foul Ball, location: 2F 0-1: Ball 1-1: Swinging Strike 1-2: Strikes out swinging
|
Batting: RHB Johnny Jackson
|
0-0: SINGLE (Groundball, 56, EV 95.6 MPH)
|
Batting: RHB Shayne Hall
|
0-0: Ball 1-0: SINGLE (Flyball, 8RS, EV 91.9 MPH) Johnny Jackson to second
|
Batting: RHB Zachariah White
|
0-0: Foul Ball, location: 2F 0-1: Foul Ball, location: 2F 0-2: Ball 1-2: Ball 2-2: Fly out, F8 (Flyball, 8RXD, EV 95.0 MPH)
|
Bottom of the 3rd over - 0 runs, 2 hits, 0 errors, 2 left on base; Santo Domingo 1 - Wilmington 2 |
TOP OF THE 4TH |
Santo Domingo Rum Runners batting - Pitching for Wilmington Wildcats : RHP Jaden Froman
|
Batting: RHB Mason Camillo
|
0-0: Ball 1-0: Foul Ball, location: 2F 1-1: Ball 2-1: Swinging Strike 2-2: Strikes out looking
|
Batting: LHB Spencer DeSimone
|
0-0: Ball 1-0: SINGLE (Line Drive, 9S, EV 103.8 MPH)
|
Batting: RHB Owen Dooley
|
0-0: Called Strike 0-1: Foul Ball, location: 2F 0-2: Strikes out swinging
|
Batting: LHB Braxton Price
|
0-0: Called Strike Spencer DeSimone steals 2nd base 0-1: Called Strike 0-2: Ground out 6-3 (Groundball, 6M, EV 89.4 MPH)
|
Top of the 4th over - 0 runs, 1 hit, 0 errors, 1 left on base; Santo Domingo 1 - Wilmington 2 |
BOTTOM OF THE 4TH |
Wilmington Wildcats batting - Pitching for Santo Domingo Rum Runners : LHP Ken Burns
|
Batting: LHB Marquis Alagna
|
0-0: Called Strike 0-1: Foul Ball, location: 2F 0-2: Ball 1-2: Ball 2-2: Ball 3-2: Base on Balls
|
Batting: RHB Jim Jimenez
|
0-0: Ball 1-0: Foul Ball, location: 2F 1-1: Ball 2-1: Ball 3-1: Base on Balls Marquis Alagna to second
|
Batting: RHB Cole Segal
|
0-0: Called Strike 0-1: DOUBLE (Line Drive, 78XD, EV 106.9 MPH) Marquis Alagna scores Jim Jimenez to third
|
Batting: RHB Evan Yanko
|
0-0: Ball 1-0: Swinging Strike 1-1: Ball Wild Pitch! Jim Jimenez scores Cole Segal to third 2-1: Foul Ball, location: 2F 2-2: Foul Ball, location: 2F 2-2: Foul Ball, location: 2F 2-2: Ball 3-2: Base on Balls
|
Batting: RHB Braedan McPherson
|
0-0: Ball 1-0: Fielders Choice at 2nd, 4-6 (Groundball, 4, EV 81.9 MPH) Cole Segal scores
|
Batting: LHB Kelvin Kenney
|
0-0: Ball Braedan McPherson steals 2nd base 1-0: Ball 2-0: Called Strike 2-1: Ground out 2-3 (Groundball, 2R, EV 66.2 MPH) Braedan McPherson to third
|
Batting: RHB Johnny Jackson
|
0-0: Ball 1-0: 2-RUN HOME RUN (Flyball, 78XD, EV 108.8 MPH), Distance : 415 ft
|
Pitching: RHP Schuyler Ferko
|
|
Batting: RHB Shayne Hall
|
0-0: Called Strike 0-1: Foul Ball, location: 2F 0-2: Ball 1-2: Foul Ball, location: 2F 1-2: Strikes out swinging
|
Bottom of the 4th over - 5 runs, 2 hits, 0 errors, 0 left on base; Santo Domingo 1 - Wilmington 7 |
TOP OF THE 5TH |
Santo Domingo Rum Runners batting - Pitching for Wilmington Wildcats : RHP Jaden Froman
|
Batting: LHB Cordell Villarreal
|
0-0: Ball 1-0: Foul Ball, location: 2F 1-1: Ball 2-1: Ball 3-1: SINGLE (Groundball, 34D, EV 100.6 MPH)
|
Batting: LHB Ronald Anderson
|
0-0: Called Strike 0-1: Ball 1-1: TRIPLE (Line Drive, 9LD, EV 97.5 MPH) Cordell Villarreal scores
|
Batting: LHB Isaac Rampone
|
0-0: Ball 1-0: Swinging Strike 1-1: Ball 2-1: Foul Ball, location: 2F 2-2: Strikes out swinging
|
Pitching: RHP Erick Krall
|
|
Batting: RHB Rykeem Potts
|
0-0: Called Strike 0-1: Ground out 6-3 (Groundball, 6, EV 105.6 MPH) Ronald Anderson scores
|
Batting: LHB Larry Collier
|
0-0: Ball 1-0: Fly out, F5 (Popup, 56S, EV 73.1 MPH)
|
Top of the 5th over - 2 runs, 2 hits, 0 errors, 0 left on base; Santo Domingo 3 - Wilmington 7 |
BOTTOM OF THE 5TH |
Wilmington Wildcats batting - Pitching for Santo Domingo Rum Runners : RHP Schuyler Ferko
|
Batting: RHB Zachariah White
|
0-0: Fly out, F8 (Flyball, 8LS, EV 87.5 MPH)
|
Batting: LHB Marquis Alagna
|
0-0: Called Strike 0-1: Foul Ball, location: 2F 0-2: Foul Ball, location: 2F 0-2: Foul Ball, location: 2F 0-2: Ground out 6-3 (Groundball, 6M, EV 103.8 MPH)
|
Batting: RHB Jim Jimenez
|
0-0: TRIPLE (Line Drive, 89XD, EV 103.1 MPH)
|
Batting: RHB Cole Segal
|
0-0: Called Strike 0-1: Foul Ball, location: 2F 0-2: Ball 1-2: Strikes out swinging
|
Bottom of the 5th over - 0 runs, 1 hit, 0 errors, 1 left on base; Santo Domingo 3 - Wilmington 7 |
TOP OF THE 6TH |
Santo Domingo Rum Runners batting - Pitching for Wilmington Wildcats : RHP Erick Krall
|
Batting: RHB Mason Camillo
|
0-0: Ball 1-0: Foul Ball, location: 2F 1-1: Swinging Strike 1-2: Ground out 6-3 (Groundball, 56D, EV 80.6 MPH)
|
Batting: LHB Spencer DeSimone
|
0-0: Called Strike 0-1: Swinging Strike 0-2: Ball 1-2: Strikes out swinging
|
Batting: RHB Owen Dooley
|
0-0: Ball 1-0: Ball 2-0: Ball 3-0: Called Strike 3-1: Ground out 6-3 (Groundball, 6, EV 86.2 MPH)
|
Top of the 6th over - 0 runs, 0 hits, 0 errors, 0 left on base; Santo Domingo 3 - Wilmington 7 |
BOTTOM OF THE 6TH |
Wilmington Wildcats batting - Pitching for Santo Domingo Rum Runners : RHP Schuyler Ferko
|
Batting: RHB Evan Yanko
|
0-0: Ball 1-0: Ground out 5-3 (Groundball, 56S, EV 86.9 MPH)
|
Batting: RHB Braedan McPherson
|
0-0: Ball 1-0: Called Strike 1-1: Called Strike 1-2: Foul Ball, location: 2F 1-2: SINGLE (Line Drive, 8LS, EV 106.9 MPH)
|
Batting: LHB Kelvin Kenney
|
0-0: Ball 1-0: Foul Ball, location: 2F Pickoff Throw to First - Out! 1-3 CS 1-1: Foul Ball, location: 2F 1-2: Strikes out swinging
|
Bottom of the 6th over - 0 runs, 1 hit, 0 errors, 0 left on base; Santo Domingo 3 - Wilmington 7 |
TOP OF THE 7TH |
Santo Domingo Rum Runners batting - Pitching for Wilmington Wildcats : RHP Erick Krall
|
Now at C: Chandler Frazee
|
|
Now at 3B: Dorsey Cahue
|
|
Batting: LHB Braxton Price
|
0-0: Foul Ball, location: 2F 0-1: Called Strike 0-2: Strikes out swinging
|
Batting: LHB Cordell Villarreal
|
0-0: Reached on error, E3 (Groundball, 34, EV 78.8 MPH)
|
Batting: LHB Ronald Anderson
|
0-0: Called Strike 0-1: Foul Ball, location: 2F 0-2: Strikes out looking
|
Batting: LHB Isaac Rampone
|
0-0: Called Strike 0-1: Ball 1-1: 2-RUN HOME RUN (Flyball, 78XD, EV 98.8 MPH), Distance : 382 ft
|
Batting: RHB Rykeem Potts
|
0-0: Called Strike 0-1: Ground out 4-3 (Groundball, 34D, EV 99.4 MPH)
|
Top of the 7th over - 2 runs, 1 hit, 1 error, 0 left on base; Santo Domingo 5 - Wilmington 7 |
BOTTOM OF THE 7TH |
Wilmington Wildcats batting - Pitching for Santo Domingo Rum Runners : RHP Schuyler Ferko
|
Batting: RHB Johnny Jackson
|
0-0: DOUBLE (Line Drive, 89XD, EV 100.0 MPH)
|
Batting: RHB Shayne Hall
|
0-0: Foul Ball, location: 2F 0-1: Ground out 5-3 (Groundball, 56, EV 99.4 MPH)
|
Batting: RHB Zachariah White
|
0-0: Ball 1-0: Ball 2-0: Ball 3-0: Called Strike 3-1: Base on Balls
|
Batting: LHB Marquis Alagna
|
0-0: Ball 1-0: Ball 2-0: Ball 3-0: Base on Balls Johnny Jackson to third Zachariah White to second
|
Batting: RHB Jim Jimenez
|
0-0: Ball 1-0: Ball 2-0: Ball 3-0: Foul Ball, location: 2F 3-1: Swinging Strike 3-2: Strikes out swinging
|
Batting: LHB Dorsey Cahue
|
0-0: Called Strike 0-1: Swinging Strike 0-2: Ball 1-2: Strikes out swinging
|
Bottom of the 7th over - 0 runs, 1 hit, 0 errors, 3 left on base; Santo Domingo 5 - Wilmington 7 |
TOP OF THE 8TH |
Santo Domingo Rum Runners batting - Pitching for Wilmington Wildcats : RHP Erick Krall
|
Batting: LHB Larry Collier
|
0-0: Ball 1-0: Ball 2-0: Ball 3-0: Base on Balls
|
Batting: RHB Mason Camillo
|
0-0: Ball 1-0: Ball 2-0: Swinging Strike 2-1: Foul Ball, location: 2F 2-2: Foul Ball, location: 2F 2-2: Foul Ball, location: 2F 2-2: Strikes out swinging
|
Pitching: LHP Tyler Wolfe
|
|
Pinch Hitting: RHB Davey Confalonieri
|
0-0: Fly out, F8 (Line Drive, 8LM, EV 96.2 MPH)
|
Batting: RHB Owen Dooley
|
0-0: Ball 1-0: Swinging Strike 1-1: Ball 2-1: Foul Ball, location: 2F 2-2: Strikes out swinging
|
Top of the 8th over - 0 runs, 0 hits, 0 errors, 1 left on base; Santo Domingo 5 - Wilmington 7 |
BOTTOM OF THE 8TH |
Wilmington Wildcats batting - Pitching for Santo Domingo Rum Runners : RHP Schuyler Ferko
|
Now in CF: Moses Thomas
|
|
Batting: RHB Evan Yanko
|
0-0: Called Strike 0-1: SINGLE (Line Drive, 9S, EV 90.0 MPH)
|
Batting: RHB Chandler Frazee
|
0-0: Ball 1-0: Ball Wild Pitch! Evan Yanko to second 2-0: Foul Ball, location: 2F 2-1: Swinging Strike 2-2: Ball 3-2: Strikes out swinging
|
Batting: LHB Kelvin Kenney
|
0-0: Intentional Walk
|
Pitching: LHP Austin Virnig
|
|
Batting: RHB Johnny Jackson
|
0-0: Ball 1-0: Ball 2-0: Ball 3-0: Called Strike 3-1: Foul Ball, location: 2F 3-2: Foul Ball, location: 2F 3-2: Strikes out swinging
|
Batting: RHB Shayne Hall
|
0-0: Ground out U3 (Groundball, 34S, EV 95.0 MPH)
|
Bottom of the 8th over - 0 runs, 1 hit, 0 errors, 2 left on base; Santo Domingo 5 - Wilmington 7 |
TOP OF THE 9TH |
Santo Domingo Rum Runners batting - Pitching for Wilmington Wildcats : LHP Tyler Wolfe
|
Pitching: RHP Abel Harreld
|
|
Batting: LHB Braxton Price
|
0-0: Swinging Strike 0-1: Ball 1-1: Foul Ball, location: 2F 1-2: Strikes out swinging
|
Batting: LHB Cordell Villarreal
|
0-0: Fly out, F8 (Flyball, 8LXD, EV 91.2 MPH)
|
Pitching: RHP Clancy Buchanan
|
|
Batting: LHB Ronald Anderson
|
0-0: Called Strike 0-1: Ground out 6-3 (Groundball, 6, EV 85.6 MPH)
|
Top of the 9th over - 0 runs, 0 hits, 0 errors, 0 left on base; Santo Domingo 5 - Wilmington 7 |
|